 Dungeon Crawl Stone Soup version 0.21-a0-264-g3e31e41 (webtiles) character file.

4082 sagitran the Carver (level 10, -3/76 HPs)
             Began as a Demonspawn Gladiator on Sept 8, 2017.
             Slain by a death yak (18 damage)
             ... on level 8 of the Dungeon.
             The game lasted 00:49:39 (7327 turns).

sagitran the Carver (Demonspawn Gladiator)          Turns: 7327, Time: 00:49:40

Health: -3/76      AC: 10    Str: 14    XL:     10   Next: 5%
Magic:  10/10      EV: 14    Int:  9    God:
Gold:   25         SH:  0    Dex: 15    Spells: 7/9 levels left

rFire    + + .     SeeInvis +   G - +2 falchion (curse)
rCold    . . .     Gourm    .   (no shield)
rNeg     . . .     Faith    .   j - +2 ring mail {rF+}
rPois    .         Spirit   .   c - +0 helmet
rElec    .         Reflect  .   (no cloak)
rCorr    .         Harm     .   I - +0 pair of gloves of Fygoejid {rF+ MR+ Str-4} (curse)
MR       +....                  (boots unavailable)
Stlth    ++........             (no amulet)
HPRegen  0.22/turn              p - ring of see invisible
MPRegen  0.12/turn              w - ring of see invisible

@: about to teleport
A: claws 1, talons 3, powered by death 2, spiny 1
a: no special abilities


You were on level 8 of the Dungeon.
You were not hungry.

You visited 2 branches of the dungeon, and saw 9 of its levels.

You collected 239 gold pieces.
You spent 214 gold pieces at shops.

Inventory:

Hand Weapons
 y - a +0 great sword
 G - a cursed +2 falchion (weapon)
 J - a cursed +3 battleaxe
 K - a +4 great sword
Missiles
 n - a throwing net (quivered)
 A - 7 javelins
Armour
 b - a +0 leather armour
 c - a +0 helmet (worn)
 j - a +2 ring mail of fire resistance (worn)
 I - the cursed +0 pair of gloves of Fygoejid (worn) {rF+ MR+ Str-4}
   (You found it on level 7 of the Dungeon)

   It affects your strength (-4).
   It protects you from fire.
   It affects your resistance to hostile enchantments.
   It has a curse placed upon it.
 L - a +1 pair of gloves
Jewellery
 p - a ring of see invisible (left hand)
 w - a ring of see invisible (right hand)
Wands
 F - a wand of digging (11/24)
 H - a wand of lightning (15/15)
Scrolls
 e - 2 scrolls of immolation
 h - 3 scrolls of enchant weapon
 l - 2 scrolls of teleportation
 q - 2 scrolls of amnesia
 r - 4 scrolls of enchant armour
 M - a scroll of noise {unknown}
Potions
 d - a potion of resistance {unknown}
 m - a potion of magic {unknown}
 o - a potion of berserk rage
 t - a potion of brilliance
 x - a potion of cancellation {unknown}
 z - 2 potions of agility
 B - a potion of lignification {unknown}
 C - 2 potions of ambrosia
 D - 2 potions of mutation
Books
 a - a book of Geomancy

   Spells                             Type                      Level
   a - Sandblast                      Earth                        1
   b - Passwall                       Transmutation/Earth          2
   c - Stone Arrow                    Conjuration/Earth            3
   d - Petrify                        Transmutation/Earth          4
   e - Lee's Rapid Deconstruction     Earth                        5
 s - a Young Poisoner's Handbook

   Spells                             Type                      Level
   a - Sting                          Conjuration/Poison           1
   b - Poisonous Vapours              Poison/Air                   2
   c - Mephitic Cloud                 Conjuration/Poison/Air       3
   d - Olgreb's Toxic Radiance        Poison                       4
   e - Venom Bolt                     Conjuration/Poison           5
 E - a book of Necromancy

   Spells                             Type                      Level
   a - Pain                           Necromancy                   1
   b - Animate Skeleton               Necromancy                   1
   c - Vampiric Draining              Necromancy                   3
   d - Regeneration                   Charms/Necromancy            3
   e - Animate Dead                   Necromancy                   4
   f - Control Undead                 Necromancy                   4
Comestibles
 f - 4 bread rations
 g - 3 chunks of flesh
 k - 6 fruits
 u - a meat ration
 v - 5 royal jellies


   Skills:
 + Level 5.8 Fighting
 + Level 9.0 Long Blades
 + Level 3.1 Throwing
 + Level 5.6 Armour
 + Level 5.7 Dodging
 + Level 3.7 Stealth
 + Level 0.1 Spellcasting
 + Level 0.4 Necromancy


You had 7 spell levels left.
You knew the following spells:

 Your Spells              Type           Power        Failure   Level  Hunger
a - Animate Skeleton      Necr           N/A          54%         1    ##.....
b - Pain                  Necr           #...         54%         1    ##.....


Dungeon Overview and Level Annotations

Branches:
Dungeon (8/15)             Temple (1/1) D:7            Lair (0/6) D:8

Altars:
Ashenzari
Dithmenos
Elyvilon
Fedhas
Gozag
Hepliaklqana
Kikubaaqudgha
Makhleb
Nemelex Xobeh
Okawaru
Qazlal
Ru
Sif Muna
Trog
Uskayaw
Vehumet
Wu Jian
Xom
Zin
The Shining One

Shops:
D:5 !   D:7 !


Innate Abilities, Weirdness & Mutations

You have sharp fingernails.
You have claws for feet.
You regenerate health from kills.
You are partially covered in sharp spines.


Message History

You riposte.
You hit the death yak.
You claw the death yak, but do no damage.
The death yak is lightly wounded.
You barely miss the death yak. Your kick misses the death yak.
The death yak is lightly wounded.
The death yak completely misses you.
You riposte.
You hit the death yak but do no damage.
The death yak is lightly wounded.
You hit the death yak but do no damage. You claw the death yak.
The death yak is lightly wounded.
You hit the death yak but do no damage.
The death yak is lightly wounded.
The death yak gores you but does no damage.
You hit the death yak but do no damage. You claw the death yak.
The death yak is lightly wounded.
The death yak gores you!!
* * * LOW HITPOINT WARNING * * *
As you read the scroll of teleportation, it crumbles to dust.
You feel strangely unstable. The death yak gores you!!
You die...

#.# ###########.#
#...........# #
#.########### .# #.#
.r. #.# .... #.#
.....
#.############......
#.รท.....@Y5YY.....#
###[..#.#####YY.$..#
#........# .......
#.#....### >....>. #
#...... ...#...
#...##.# .#Y. .#
##..# .# ..Y.. Y
#..# . .#.YY. #...
..


You could see a death yak, 4 yaks and a quasit.

Vanquished Creatures
  A death yak (D:8)
  An unseen horror (D:7)
  Eustachio (D:4)
  A wraith (D:7)
  2 orc warriors
  2 ogres
  2 black bears (D:6)
  Blork the orc (D:6)
  5 bullfrogs
  A scorpion (D:4)
  13 wights
  A howler monkey (D:7)
  2 crimson imps
  A quasit (D:7)
  2 hounds
  4 orc priests
  A centaur skeleton (D:4)
  11 orc wizards
  3 iguanas
  Natasha (D:3)
  5 worker ants
  A killer bee zombie (D:8)
  18 adders
  2 oozes
  A worm (D:3)
  2 dart slugs
  5 leopard geckos
  23 orcs
  4 ball pythons
  4 giant cockroaches
  8 goblins
  6 hobgoblins
  12 jackals
  6 quokkas
  3 bats (D:3)
  5 frilled lizards
  A giant cockroach zombie (D:5)
  10 kobolds
  A quokka zombie (D:6)
  8 rats
181 creatures vanquished.

Notes
Turn   | Place    | Note
-------+----------+-------------------------------------------
     0 | D:1      | sagitran the Demonspawn Gladiator began the quest for the Orb.
     0 | D:1      | Reached XP level 1. HP: 16/16 MP: 1/1
   556 | D:1      | Gained mutation: You have sharp fingernails. [demonic ancestry]
   556 | D:1      | Reached XP level 2. HP: 22/22 MP: 2/2
   699 | D:1      | Reached skill level 3 in Long Blades
  1239 | D:2      | Gained mutation: You are partially covered in sharp spines. [demonic ancestry]
  1239 | D:2      | Reached XP level 3. HP: 19/27 MP: 3/3
  1408 | D:2      | Found a hide-covered altar of Uskayaw.
  1614 | D:2      | Reached skill level 1 in Armour
  1639 | D:2      | Reached XP level 4. HP: 34/34 MP: 4/4
  1688 | D:2      | Found a burning altar of Makhleb.
  2067 | D:3      | Reached skill level 4 in Long Blades
  2067 | D:3      | Reached XP level 5. HP: 32/39 MP: 5/5
  2664 | D:3      | Noticed Natasha
  2671 | D:3      | Killed Natasha
  2850 | D:5      | Entered Level 5 of the Dungeon
  3032 | D:4      | Gained mutation: You have sharp toenails. [demonic ancestry]
  3032 | D:4      | Reached XP level 6. HP: 41/47 MP: 6/6
  3063 | D:4      | Found a sacrificial altar of Ru.
  3064 | D:4      | Found a shattered altar of Ashenzari.
  3087 | D:4      | Reached skill level 1 in Stealth
  3177 | D:4      | Reached skill level 5 in Long Blades
  3240 | D:4      | Noticed Eustachio
  3288 | D:4      | Killed Eustachio
  3288 | D:4      | Gained mutation: You regenerate a little health from kills. [demonic ancestry]
  3288 | D:4      | Reached XP level 7. HP: 8/52 MP: 7/7
  4260 | D:5      | Reached skill level 6 in Long Blades
  4389 | D:5      | Gained mutation: You have razor-sharp toenails. [demonic ancestry]
  4389 | D:5      | Reached XP level 8. HP: 60/60 MP: 8/8
  4489 | D:5      | Learned a level 1 spell: Animate Skeleton
  4491 | D:5      | Learned a level 1 spell: Pain
  4532 | D:5      | Found Uptiuw's Distillery.
  4648 | D:5      | Bought 2 potions of degeneration for 22 gold pieces
  4648 | D:5      | Bought a potion of ambrosia for 88 gold pieces
  5043 | D:6      | Found a bloodstained altar of Trog.
  5051 | D:6      | Reached skill level 7 in Long Blades
  5205 | D:6      | Reached skill level 5 in Dodging
  5213 | D:6      | Gained mutation: You have claws for feet. [demonic ancestry]
  5213 | D:6      | Reached XP level 9. HP: 44/67 MP: 9/9
  5268 | D:7      | Noticed an unseen horror
  5281 | D:7      | Killed an unseen horror
  5281 | D:7      | Reached skill level 5 in Fighting
  5281 | D:7      | Reached skill level 8 in Long Blades
  5690 | D:6      | Found a white marble altar of Elyvilon.
  5692 | D:6      | Found a glowing golden altar of the Shining One.
  5692 | D:6      | Found a shimmering altar of Xom.
  5694 | D:6      | Found a shimmering altar of Xom.
  5694 | D:6      | Found a sacrificial altar of Ru.
  5694 | D:6      | Found a glowing golden altar of the Shining One.
  5694 | D:6      | Noticed Blork the orc
  5707 | D:6      | Killed Blork the orc
  5822 | D:7      | Found a staircase to the Ecumenical Temple.
  6147 | Temple   | Entered the Ecumenical Temple
  6393 | D:7      | Got a pair of encrusted gloves
  6408 | D:7      | Identified the cursed +0 pair of gloves of Fygoejid {rF+ MR+ Str-4} (You found it on level 7 of the Dungeon)
  6508 | D:7      | Found Rimewin's Distillery.
  6844 | D:7      | Bought a potion of mutation for 104 gold pieces
  7144 | D:8      | Reached skill level 5 in Armour
  7285 | D:8      | Noticed a death yak
  7287 | D:8      | Found a staircase to the Lair.
  7290 | D:8      | Noticed a death yak
  7292 | D:8      | Noticed a death yak
  7316 | D:8      | Killed a death yak
  7316 | D:8      | Reached skill level 9 in Long Blades
  7316 | D:8      | Gained mutation: You regenerate health from kills. [demonic ancestry]
  7316 | D:8      | Reached XP level 10. HP: 32/76 MP: 10/10
  7327 | D:8      | Slain by a death yak

Vault maps used:
D:1:      tarquinn_simple_flora_water_c, serial_bayou_lake_a
D:2:      eat_drink_and_be_merry_uskayaw, lightli_temple_of_fire
D:3:      uniq_natasha
D:4:      chequers_temple_overflow_statue_of_worship, first_bread,
          serial_bayou_pond_a, uniq_eustachio
D:5:      serial_shops, kennysheep_mini_moat
D:6:      doesnt_xom_only_xom, trog_ov_bears_minmay, uniq_blork_the_orc
D:7:      minmay_temple_entry_grid, serial_shops, nicolae_shop_crystal
D:8:      marbit_many_paths, cheibrodos_worm_habitat, dpeg_lair_monsters,
          uniq_pikel
Temple:   zaba_magenta_temple

Skill      XL: |  1  2  3  4  5  6  7  8  9 |
---------------+----------------------------+-----
Long Blades    | 3 4 5 6 7 9 |  9.0
Dodging        | 3 4 5 |  5.7
Throwing       | 2 3 |  3.1
Armour         | 1 2 3 4 5 |  5.6
Fighting       | 3 4 5 |  5.8
Stealth        | 1 2 3 |  3.7
Spellcasting   | |  0.1
Necromancy     | |  0.4

Action                   |  1- 3 |  4- 6 |  7- 9 | 10-12 || total
-------------------------+-------+-------+-------+-------++-------
Melee: Long sword        |    91 |    72 |       |       ||   163
       Great sword       |       |    49 |    55 |       ||   104
       Kick              |       |    16 |   106 |     4 ||   126
       Falchion          |       |       |   210 |     6 ||   216
Throw: Throwing net      |       |     5 |     3 |       ||     8
       Javelin           |       |       |    19 |       ||    19
  Use: Potion            |       |     3 |     3 |       ||     6
       Scroll            |       |     5 |     7 |     1 ||    13
 Stab: Sleeping          |       |       |     3 |       ||     3
       Held in net/web   |       |       |     1 |       ||     1
  Eat: Chunk             |     2 |     6 |     5 |       ||    13
       Bread ration      |       |       |     1 |       ||     1
       Meat ration       |       |       |     1 |       ||     1
       Fruit             |       |       |     1 |       ||     1
Armor: Ring mail         |    38 |    78 |    82 |     1 ||   199
Dodge: Dodged            |    48 |    94 |   189 |     3 ||   334
       Rpst.: Long sword |    14 |    13 |       |       ||    27
       Great sword       |       |     7 |    14 |       ||    21
       Falchion          |       |       |    41 |     2 ||    43

Table legend:
 A = Spawn XP
 B = Non-spawn XP
 C = Spawn XP percentage of total XP
 D = Spawn monster count
 E = Non-spawn monster count
 F = Spawn count percentage of total count
 G = Total turns spent on level
                    A         B        C        D         E        F      G
               +---------+---------+-------+---------+---------+-------+---------
         Total |       0 |    5832 |   0.0 |       0 |     181 |   0.0 |  7327
               +---------+---------+-------+---------+---------+-------+---------
           D:1 |       0 |      29 |   0.0 |       0 |      17 |   0.0 |  1213
           D:2 |       0 |      81 |   0.0 |       0 |      15 |   0.0 |   689
           D:3 |       0 |     247 |   0.0 |       0 |      38 |   0.0 |  1063
           D:4 |       0 |     694 |   0.0 |       0 |      22 |   0.0 |  1028
           D:5 |       0 |     442 |   0.0 |       0 |      16 |   0.0 |   953
           D:6 |       0 |    1762 |   0.0 |       0 |      38 |   0.0 |   807
           D:7 |       0 |    1493 |   0.0 |       0 |      24 |   0.0 |  1284
           D:8 |       0 |    1084 |   0.0 |       0 |      11 |   0.0 |   202
               +---------+---------+-------+---------+---------+-------+---------
